 Dungeon Crawl Stone Soup version 0.18.1-8-gdd0e5ea (webtiles) character file.

891 Gargoyl the Covered (level 7, 0/55 HPs)
             Began as a Demonspawn Abyssal Knight on May 25, 2016.
             Was an Elder of Lugonu.
             Slain by an ogre
             ... wielding a +0 giant spiked club
              (15 damage)
             ... on level 4 of the Dungeon.
             The game lasted 00:11:14 (4445 turns).

Gargoyl the Covered (Demonspawn Abyssal Knight)     Turns: 4445, Time: 00:11:15

Health: 0/55       AC: 10    Str: 20      XL:     7   Next: 77%
Magic:  8/8        EV: 12    Int: 13      God:    Lugonu [****..]
Gold:   210        SH:  0    Dex: 11 (14) Spells: 0 memorised, 6 levels left

rFire  + . .     SeeInvis .     a - +1 hand axe
rCold  . . .     Gourm    .     E - +0 scale mail
rNeg   . . .     Faith    .     (no shield)
rPois  +         Spirit   .     (no helmet)
rElec  +         Dismiss  .     m - +2 cloak
rCorr  .         Reflect  .     (no gloves)
SustAt .         Harm     .     (no boots)
MR     +....                    (no amulet)
Stlth  +.........               t - ring of protection from magic
                                i - ring of protection from fire

@: mighty, somewhat resistant to hostile enchantments, very unstealthy
A: thin skeletal structure 1, poison resistance, powered by death 2, electricity
resistance, sturdy frame 1
a: Depart the Abyss, Bend Space, Banish, Corrupt, Renounce Religion


You were on level 4 of the Dungeon.
You worshipped Lugonu.
Lugonu was greatly pleased with you.
You were not hungry.

You visited 1 branch of the dungeon, and saw 6 of its levels.
You visited the Abyss 1 time.
You also visited: Sewer.

You collected 210 gold pieces.

Inventory:

Hand Weapons
 a - a +1 hand axe (weapon)
 g - a +1 spear of freezing
 D - a +0 flail of protection
Missiles
 h - 11 poisoned needles
 w - 2 tomahawks (quivered)
Armour
 m - a +2 cloak (worn)
 E - a +0 scale mail (worn)
Jewellery
 i - a ring of protection from fire (left hand)
 t - a ring of protection from magic (right hand)
Wands
 e - a wand of disintegration (14/24)
Scrolls
 j - a scroll of fear {unknown}
 k - 4 scrolls of identify
 n - a scroll of enchant armour {unknown}
 q - 2 scrolls of immolation {unknown}
 s - a scroll of recharging {unknown}
 u - a scroll of teleportation {unknown}
 y - a scroll of amnesia {unknown}
 C - 2 scrolls of remove curse {unknown}
Potions
 d - a potion of flight {unknown}
 f - 2 potions of magic {unknown}
 o - 2 potions of curing
 r - a potion of heal wounds {unknown}
 x - a potion of haste {unknown}
 A - a potion of brilliance {unknown}
 B - a potion of cure mutation {unknown}
Comestibles
 c - 4 bread rations
 v - a beef jerky
 z - a meat ration


   Skills:
 + Level 4.4 Fighting
 + Level 3.3 Axes
 * Level 4.8 Armour
 + Level 4.8 Dodging
 + Level 1.1 Stealth
 + Level 2.4 Invocations


You had 6 spell levels left.
You didn't know any spells.

Dungeon Overview and Level Annotations

Branches:
Dungeon (6/15)             Temple (0/1) D:4

Altars:
Kikubaaqudgha
Nemelex Xobeh
Okawaru
The Shining One


Innate Abilities, Weirdness & Mutations

You have a somewhat thin skeletal structure (Dex +2, Stealth).
You regenerate health from kills.
Your system is resistant to poisons.
You are resistant to electric shocks.
Your movements are slightly less encumbered by armour (ER -2).


Message History

You hit the ogre.
The ogre is moderately wounded.
The ogre hits you with a giant spiked club!
You hit the ogre.
The ogre is moderately wounded.
You hit the ogre.
The ogre is heavily wounded.
The ogre closely misses you.
You hit the ogre.
The ogre is heavily wounded.
The ogre hits you with a giant spiked club!!
* * * LOW HITPOINT WARNING * * *
You slash the ogre!
The ogre is severely wounded.
The ogre hits you but does no damage.
You see here a bread ration.
Drink which item? (? for menu, Esc to quit)
You feel very mighty all of a sudden.
The ogre hits you with a giant spiked club!
You die...

######## #########
#....... #.......#
#.###### #.#####.#
#....... #.#
#.#########. #.#
###.##...####. #@#
#............. #O#
#.#.##.#.####. #.#
#.#.##.#,* #. #.#
#,#.##.#,####. #.#
*,#.##.#,#.... #.#
#,#.##.#.#.### ***#.#
#.#.##.#......
*,,#.###.#.##.###...#
*,,#(#........# ###.#


You could see an ogre.

Vanquished Creatures
  An ogre (D:4)
  A centaur (D:6)
  2 big kobolds (Sewer)
  A howler monkey (D:4)
  A quasit (D:5)
  3 hounds
  Ijyb (D:3)
  4 worker ants
  An iguana (D:5)
  A howler monkey zombie (D:6)
  3 gnolls (D:4)
  11 adders
  2 oozes (Sewer)
  An adder skeleton (D:6)
  4 worms
  2 dart slugs
  9 giant geckos
  An orc (D:3)
  3 ball pythons
  3 bats
  8 giant cockroaches
  10 goblins
  7 hobgoblins
  13 jackals
  5 giant newts
  A goblin zombie (D:5)
  3 hobgoblin zombies (D:5)
  7 kobolds
  3 kobold zombies (D:5)
  2 orc skeletons (D:5)
  2 orc zombies (D:5)
  10 rats
126 creatures vanquished.

Notes
Turn   | Place    | Note
--------------------------------------------------------------
     0 | Abyss:1  | Gargoyl the Demonspawn Abyssal Knight began the quest for the Orb.
     0 | Abyss:1  | Reached XP level 1. HP: 18/18 MP: 2/2
   116 | Abyss:4  | Noticed a spiny frog skeleton
   122 | Abyss:4  | Noticed a starcursed mass
   133 | D:1      | Escaped the Abyss
   861 | D:1      | Gained mutation: You regenerate a little health from kills. [demonic ancestry]
   861 | D:1      | Reached XP level 2. HP: 18/24 MP: 3/3
   870 | D:1      | Reached skill level 1 in Dodging
   922 | D:1      | Reached * piety under Lugonu
  1002 | D:1      | Gained mutation: You regenerate health from kills. [demonic ancestry]
  1002 | D:1      | Reached XP level 3. HP: 29/29 MP: 4/4
  1518 | D:2      | Reached ** piety under Lugonu
  1602 | D:2      | Gained mutation: You have a somewhat thin skeletal structure (Dex +2, Stealth). [demonic ancestry]
  1602 | D:2      | Reached XP level 4. HP: 37/37 MP: 5/5
  2530 | D:3      | Found a sparkling altar of Nemelex Xobeh.
  2535 | D:3      | Noticed Ijyb
  2547 | D:3      | Killed Ijyb
  2548 | D:3      | Reached XP level 5. HP: 34/42 MP: 6/6
  2991 | D:4      | Reached skill level 1 in Stealth
  3013 | D:4      | Found an iron altar of Okawaru.
  3038 | D:4      | Noticed an ogre
  3066 | D:4      | Gained mutation: You are resistant to electric shocks. [potion of mutation]
  3066 | D:4      | Gained mutation: Your system is resistant to poisons. [potion of mutation]
  3066 | D:4      | Gained mutation: Your movements are slightly less encumbered by armour (ER -2). [potion of mutation]
  3070 | D:4      | Killed an ogre
  3086 | D:4      | Reached *** piety under Lugonu
  3086 | D:4      | Reached XP level 6. HP: 31/48 MP: 7/7
  3230 | D:4      | Found a glowing drain.
  3234 | Sewer    | Entered a sewer
  3698 | D:4      | Reached XP level 7. HP: 40/54 MP: 8/8
  3715 | D:4      | You fall through a shaft for 2 floors!
  3902 | D:5      | Entered Level 5 of the Dungeon
  3952 | D:5      | Found a glowing golden altar of the Shining One.
  3962 | D:5      | Reached **** piety under Lugonu
  4279 | D:4      | Found a staircase to the Ecumenical Temple.
  4405 | D:4      | Found an ancient bone altar of Kikubaaqudgha.
  4445 | D:4      | Slain by an ogre

Skill      XL: |  1  2  3  4  5  6  7 |
---------------+----------------------+-----
Armour         | 2 3 4 |  4.8
Dodging        | 1 2 3 4 |  4.8
Axes           | 2 3 |  3.3
Stealth        | 1 |  1.1
Fighting       | 4 |  4.4
Invocations    | |  2.4

Action                   |  1- 3 |  4- 6 |  7- 9 || total
-------------------------+-------+-------+-------++-------
Melee: Hand axe          |   151 |   256 |   153 ||   560
Throw: Tomahawk          |       |     3 |     1 ||     4
Invok: Depart the Abyss  |     1 |       |       ||     1
  Use: Scroll            |       |     4 |     1 ||     5
       Potion            |       |     4 |     1 ||     5
 Stab: Sleeping          |       |     1 |       ||     1
  Eat: Chunk             |     2 |     8 |     3 ||    13
Armor: Leather armour    |    31 |       |       ||    31
       Ring mail         |    27 |   137 |   108 ||   272
       Scale mail        |       |       |    17 ||    17
Dodge: Dodged            |   135 |   194 |   179 ||   508
